 Dungeon Crawl Stone Soup version 0.28.0-43-g3370ac3207 (webtiles) character file.

Game seed: 17718341863467040623

1767 suse60 the Covered (level 8, -3/76 HPs)
             Began as a Deep Dwarf Fighter on Mar 11, 2022.
             Was a Follower of Makhleb.
             Shot with a sling bullet by Joseph (7 damage)
             ... on level 7 of the Dungeon.
             The game lasted 00:49:35 (4577 turns).

suse60 the Covered (Deep Dwarf Fighter)             Turns: 4577, Time: 00:49:35

Health: -3/76      AC: 12    Str: 19    XL:     8   Next: 80%
Magic:  6/6        EV: 11    Int: 10    God:    Makhleb [*.....]
Gold:   186        SH:  6    Dex: 16    Spells: 3/7 levels left

rFire   + . .      SeeInvis +   o - +3 hand axe of Madotooxt {freeze, Dex+4}
rCold   . . .      Faith    .   c - +1 buckler
rNeg    . . .      Spirit   .   b - +0 scale mail
rPois   .          Reflect  .   p - +2 hat
rElec   .          Harm     .   f - +0 cloak
rCorr   .          Rampage  .   (no gloves)
Will    +....                   t - +0 pair of boots
Stlth   ..........              (no amulet)
HPRegen 0.00/turn               i - ring of see invisible
MPRegen 0.10/turn               (no ring)

@: studying Air Magic
A: damage resistance, heal wounds, sense surroundings 1, no regeneration, horns
1, talons 1, fire resistance 1, weak 1
a: Heal Wounds, Renounce Religion


You were on level 7 of the Dungeon.
You worshipped Makhleb.
Makhleb was aware of your devotion.
You visited 2 branches of the dungeon, and saw 8 of its levels.
You also visited: Sewer.

You collected 186 gold pieces.

Inventory:

Hand Weapons
 h - the +1 whip of Saecsag {vorpal, MP+9 Dex+3}
   (You found it on level 3 of the Dungeon)

   It inflicts extra damage upon your enemies.
   Dex:       It affects your dexterity (+3).
   MP:        It affects your magic capacity (+9).
 o - the +3 hand axe of Madotooxt (weapon) {freeze, Dex+4}
   (You found it on level 5 of the Dungeon)

   It freezes those it strikes, dealing additional cold damage.
   It can also slow down cold-blooded creatures.
   Dex:       It affects your dexterity (+4).
Armour
 b - a +0 scale mail (worn)
 c - a +1 buckler (worn)
 f - a +0 cloak (worn)
 p - a +2 hat (worn)
 t - a +0 pair of boots (worn)
Jewellery
 i - a ring of see invisible (left hand)
 j - an amulet of magic regeneration
Scrolls
 a - 2 scrolls of fog
 d - 3 scrolls of magic mapping
 e - 4 scrolls of teleportation
 m - 2 scrolls of fear
 q - a scroll of vulnerability {unknown}
 r - a scroll of immolation {unknown}
Potions
 g - 2 potions of brilliance
 k - a potion of ambrosia {unknown}
 l - a potion of lignification {unknown}
 n - 2 potions of flight


   Skills:
 + Level 5.8 Fighting
 + Level 6.5 Axes
 + Level 7.0 Armour
 + Level 4.6 Dodging
 - Level 5.0 Shields


You had 3 spell levels left.
You knew the following spells:

 Your Spells              Type           Power      Damage    Failure   Level
a - Sandblast             Erth           0%         2d4       78%         1
b - Call Canine Familiar  Summ           0%         N/A       98%         3

Your spell library contained the following spells:

 Spells                   Type           Power      Damage    Failure   Level
 Ensorcelled Hibernation  Hex/Ice        0%         N/A       89%         2
 Passwall                 Tmut/Erth      0%         N/A       89%         2
 Searing Ray              Conj           0%         2d4       89%         2
 Sublimation of Blood     Necr           0%         N/A       89%         2
 Wereblood                Tmut           0%         N/A       89%         2
 Portal Projectile        Hex/Tloc       0%         N/A       98%         3
 Stone Arrow              Conj/Erth      0%         3d7       98%         3
 Leda's Liquefaction      Hex/Erth       0%         N/A       100%        4
 Conjure Ball Lightning   Conj/Air       0%         3x3d6     100%        6
 Summon Hydra             Summ           0%         N/A       100%        7
 Lehudib's Crystal Spear  Conj/Erth      0%         10d2      100%        8


Dungeon Overview and Level Annotations

Branches:
Dungeon (7/15)             Temple (1/1) D:4           Sewer (visited)

Altars:
Ashenzari
Dithmenos
Elyvilon
Fedhas
Gozag
Kikubaaqudgha
Makhleb
Nemelex Xobeh
Okawaru
Qazlal
Ru
Sif Muna
Trog
Uskayaw
Vehumet
Wu Jian
Xom
Yredelemnul
Zin
The Shining One

Shops:
D:1 *

Annotations:
D:6 Pikel
D:7 Joseph


Innate Abilities, Weirdness & Mutations

You are resistant to damage.
You can heal yourself by infusing magical energy.
You passively map a small area around you.
You do not regenerate.
You have a pair of small horns on your head.
You have sharp toenails.
Your flesh is heat resistant. (rF+)
You are weak. (Str -2)


Message History

The steam dragon barely misses you. The steam dragon claws you.
You hit the steam dragon. You freeze the steam dragon.
You headbutt the steam dragon.
The steam dragon is moderately wounded.
The steam dragon barely misses you.
The steam dragon claws you but does no damage.
You hit the steam dragon. You freeze the steam dragon.
The steam dragon is moderately wounded.
The steam dragon barely misses you. The steam dragon claws you.
The steam dragon breathes steam at you. The ball of steam hits you. You resist.
You completely miss the steam dragon.
The steam dragon is moderately wounded.
The steam dragon bites you.
The steam dragon claws you but does no damage.
You hit the steam dragon but do no damage.
The steam dragon is moderately wounded.
Joseph, a Mercenary comes into view.
He is wielding a +0 quarterstaff.
The steam dragon bites you. You block the steam dragon's attack.
You barely miss the steam dragon.
The steam dragon is moderately wounded.
Joseph unwields a +0 quarterstaff.
Joseph wields a +0 hunting sling.
Joseph shoots a sling bullet.
The sling bullet hits you!!
* * * LOW HITPOINT WARNING * * *
You block the steam dragon's attack. The steam dragon misses you.
You slash the steam dragon! You freeze the steam dragon.
Your headbutt misses the steam dragon.
The steam dragon is severely wounded.
The steam dragon barely misses you.
The steam dragon claws you but does no damage.
You hit the steam dragon but do no damage.
The steam dragon is severely wounded.
Joseph shoots a sling bullet.
You block the sling bullet. The steam dragon bites you!
* * * LOW HITPOINT WARNING * * *
You block the steam dragon's attack.
You closely miss the steam dragon.
The steam dragon is severely wounded.
Joseph shoots a sling bullet.
The sling bullet hits you!
You die...

, ###. ,,,
..##.. .
..>######.##.# *
..
*#......<#.##.#
,* ..
#.(.....#.##.# *
#.##.####.#.##.#
#.........#.##.#
#..#..###.#.##.#
*
#..##.#####.##D#
,
#......@......@#
#.#.#.#####.####
* ,#...# #... ,
, * #...# #####
* ,#...# ***
..... ......
##..... ,


You could see Joseph and a steam dragon.

Vanquished Creatures
  Sigmund (D:2)
  A shadow (D:5)
  3 yaks (D:6)
  A steam dragon (D:7)
  A water moccasin (D:6)
  A hornet zombie (D:7)
  A centaur (D:5)
  2 scorpions
  A hound (D:5)
  3 iguanas
  Natasha (thrice) (D:2)
  An orc wizard (D:5)
  2 hound skeletons
  13 adders
  2 river rats (Sewer)
  An ufetubus (D:5)
  2 worms (D:3)
  A dart slug (D:2)
  12 orcs
  4 bats
  4 endoplasms
  4 giant cockroaches
  9 goblins
  5 hobgoblins
  5 jackals
  3 kobolds
  2 quokkas (D:1)
  8 ball pythons
  6 frilled lizards
  7 rats
109 creatures vanquished.

Notes
Turn   | Place    | Note
-------+----------+-------------------------------------------
     0 | D:1      | suse60 the Deep Dwarf Fighter began the quest for the Orb.
     0 | D:1      | Reached XP level 1. HP: 20/20 MP: 1/1
   112 | D:1      | You fall into a shaft and drop 1 floor!
   165 | D:2      | Reached XP level 2. HP: 10/27 MP: 2/2
   290 | D:1      | Gained mutation: You have a pair of small horns on your
                  | head. [potion of mutation]
   290 | D:1      | Gained mutation: Your flesh is heat resistant. (rF+)
                  | [potion of mutation]
   290 | D:1      | Gained mutation: You are weak. (Str -2) [potion of
                  | mutation]
   290 | D:1      | Gained mutation: You have sharp toenails. [potion of
                  | mutation]
   475 | D:1      | Found a faded altar of an unknown god.
   914 | D:1      | Found Esihuhiy's General Store.
   955 | D:1      | Reached XP level 3. HP: 24/34 MP: 3/3
  1034 | D:2      | Noticed Sigmund
  1367 | D:2      | Noticed Natasha
  1377 | D:2      | Killed Natasha
  1378 | D:2      | Reached XP level 4. HP: 26/42 MP: 4/4
  1414 | D:2      | Reached skill level 4 in Armour
  1477 | D:2      | Noticed Natasha
  1488 | D:2      | Killed Natasha
  1719 | D:3      | Identified the +1 whip of Saecsag {vorpal, MP+9 Dex+3}
  1798 | D:3      | Reached XP level 5. HP: 22/49 MP: 5/5
  2345 | D:4      | Found a staircase to the Ecumenical Temple.
  2351 | Temple   | Entered the Ecumenical Temple
  2531 | Temple   | Became a worshipper of Makhleb the Destroyer
  2818 | D:4      | Learned a level 1 spell: Sandblast
  3078 | D:4      | Found a radiant altar of Vehumet.
  3188 | D:5      | Entered Level 5 of the Dungeon
  3195 | D:5      | Reached XP level 6. HP: 34/57 MP: 6/6
  3217 | D:5      | Identified the +3 hand axe of Madotooxt {freeze, Dex+4}
  3248 | D:5      | Found a glowing drain.
  3289 | Sewer    | Entered a sewer
  3405 | Sewer    | Learned a level 3 spell: Call Canine Familiar
  3432 | Sewer    | Reached skill level 5 in Shields
  3470 | Sewer    | Reached * piety under Makhleb
  3474 | Sewer    | Reached skill level 5 in Armour
  3692 | D:5      | Noticed a shadow
  3696 | D:5      | Reached skill level 1 in Dodging
  3696 | D:5      | Reached XP level 7. HP: 43/64 MP: 6/6
  3706 | D:5      | Killed a shadow
  3790 | D:5      | Reached skill level 5 in Axes
  4074 | D:2      | Noticed Natasha
  4083 | D:2      | Killed Sigmund
  4084 | D:2      | Killed Natasha
  4225 | D:6      | Reached skill level 6 in Armour
  4256 | D:6      | Reached skill level 5 in Fighting
  4256 | D:6      | Reached XP level 8. HP: 13/74 MP: 7/7
  4259 | D:6      | Got the Volume of Snow and Conjuration
  4385 | D:6      | Noticed Pikel
  4539 | D:7      | Reached skill level 7 in Armour
  4573 | D:7      | Noticed Joseph
  4577 | D:7      | Shot with a sling bullet by Joseph

Illustrated notes

Levels and vault maps discovered:
D:1:      sevenhm_arrival_forest_fort_small_4, layout_basic, serial_shops,
          nicolae_shop_advertising_works [nicolae_subvault_shop_adworks],
          hellmonk_ecumenical_altar_inner_sanctum, grunt_decor_resistance,
          serial_bayou_crossing
D:2:      layout_basic, uniq_sigmund, uniq_natasha
D:3:      layout_loops_ring, minmay_misc_feat_chi
D:4:      layout_basic, mainiacjoe_overflow_alcove_1, minmay_temple_entry_ruins
D:5:      layout_cave_pools, gup_sewer_entry_glass, minmay_manual_mail
D:6:      layout_rooms, uniq_pikel
D:7:      layout_basic, minmay_misc_feat_five, uniq_harold, uniq_duvessa,
          uniq_joseph
Temple:   mainiacjoe_temple_bowtie_tessellation

Skill      XL: |  1  2  3  4  5  6  7  8 |
---------------+-------------------------+-----
Fighting       | 3 4 5 |  5.8
Axes           | 3 4 5 6 |  6.5
Armour         | 4 5 6 7 |  7.0
Shields        | 4 5 |  5.0
Dodging        | 1 3 4 |  4.6

Action                   |  1- 3 |  4- 6 |  7- 9 || total
-------------------------+-------+-------+-------++-------
Melee: War axe           |    79 |    32 |       ||   111
       Headbutt          |     8 |    12 |    20 ||    40
       Kick              |     5 |    30 |    15 ||    50
       Whip              |       |    51 |       ||    51
       Hand axe          |       |    56 |    94 ||   150
 Abil: Heal Wounds       |       |     2 |     1 ||     3
  Use: Scroll            |     5 |     6 |     1 ||    12
       Potion            |     3 |     6 |     4 ||    13
Armor: Scale mail        |    23 |    40 |    25 ||    88
Dodge: Dodged            |    41 |    45 |    34 ||   120
Block: Buckler           |    13 |    21 |    14 ||    48
